 Dungeon Crawl Stone Soup version 0.14-a0-2737-gb10a4c8 (webtiles) character file.

5166 johnnyringsting the Protected (level 10, 0/81 HPs)
             Began as a Minotaur Artificer on Feb 22, 2014.
             Was a Plaything of Xom.
             Slain by a two-headed ogre
             ... wielding a +0,+0 giant club
              (8 damage)
             ... on Level 10 of the Dungeon.
             The game lasted 00:49:57 (9056 turns).

johnnyringsting the Protected (Minotaur Artificer)  Turns: 9056, Time: 00:49:57

HP   0/81        AC 16     Str 18      XL: 10   Next: 32%
MP  13/13        EV  5     Int  8 (11) God: Xom
Gold 40          SH  0     Dex 10      Spells:  0 memorised, 15 levels left

rFire  + . .     SeeInvis +     s - +5,+4 quarterstaff (chaos)
rCold  x . .     Clarity  .     G - +3 orc plate armour
rNeg   . . .     Conserve .     (no shield)
rPois  +         rCorr    .     (helmet restricted)
rElec  .         rRot     .     N - +2 cloak of the Thief {+Fog Dam-3 SInv Stlth++}
SustAb . .       Spirit   .     I - +0 pair of gloves
rMut   .         Warding  .     (no boots)
Saprov . . .     Stasis   .     (no amulet)
MR     .....                    F - ring of poison resistance
                                r - ring of fire

@: not resistant to hostile enchantments, extremely unstealthy
A: retaliatory headbutt, horns 2, carnivore 1, deformed body
a: Renounce Religion, Evoke Fog


You were on level 10 of the Dungeon.
You worshipped Xom.
You were a plaything of Xom.
You were not hungry.

You visited 2 branches of the dungeon, and saw 11 of its levels.

You collected 333 gold pieces.
You spent 293 gold pieces at shops.

Inventory:

Hand weapons
 a - a +4,+0 cutlass of draining
 s - a +5,+4 quarterstaff of chaos (weapon)
 w - a cursed -2,+0 long sword
 P - a +0,+2 flail of crushing
Armour
 e - a +3 leather armour of poison resistance
 o - the +1 robe of Midsummer {MR+, unknown}
   (You found it on level 9 of the Dungeon)

   It affects your resistance to hostile enchantments.
 t - a +0 cloak
 G - a +3 orcish plate armour (worn)
 I - a +0 pair of gloves (worn)
 K - a +2 orcish leather armour of fire resistance
 N - the +2 cloak of the Thief (worn) {+Fog Dam-3 SInv Stlth++}
   (You found it on level 7 of the Dungeon)

   It affects your damage with ranged weapons and melee attacks (-3).
   It enhances your eyesight.
   It can be evoked to emit clouds of fog.
   It makes you much more stealthy.
Magical devices
 b - a wand of flame (11)
 c - a wand of enslavement (13)
 d - a wand of random effects (7)
 h - a wand of slowing (11)
 z - a wand of lightning (0)
 M - a wand of paralysis (13) {unknown}
Comestibles
 f - 6 bread rations
 A - a choko
 B - 4 meat rations
 Q - 2 beef jerkies
 T - 7 cheeses
Scrolls
 j - 2 scrolls of fear
 k - a scroll of immolation
 l - 3 scrolls of remove curse
 m - 2 scrolls of amnesia
 D - 2 scrolls of teleportation
 R - 2 scrolls of magic mapping
Jewellery
 r - a ring of fire (left hand)
 F - a ring of poison resistance (right hand)
Potions
 g - a potion of mutation {unknown}
 n - a potion of curing
 u - a potion of speed {unknown}
 v - a potion of poison {unknown}
 J - a potion of magic {unknown}
 U - a potion of restore abilities {unknown}
Books
 E - a book of Death

   Spells                             Type                      Level
   Corpse Rot                         Necromancy                   2
   Sublimation of Blood               Necromancy                   2
   Agony                              Necromancy                   5
   Dispel Undead                      Necromancy                   5
   Excruciating Wounds                Charms/Necromancy            5
   Bolt of Draining                   Conjuration/Necromancy       5
 L - a book of Air

   Spells                             Type                      Level
   Shock                              Conjuration/Air              1
   Swiftness                          Charms/Air                   2
   Repel Missiles                     Charms/Air                   2
   Flight                             Charms/Air                   3
   Static Discharge                   Conjuration/Air              3
   Lightning Bolt                     Conjuration/Air              5
Magical staves
 p - an uncursed staff of earth


   Skills:
 * Level 5.3 Fighting
 * Level 5.0 Short Blades
   Level 3.1 Axes
 * Level 5.6 Maces & Flails
 * Level 7.5 Staves
 * Level 8.2 Armour
 * Level 5.7 Dodging
 * Level 3.7 Stealth
 * Level 3.0 Spellcasting
 * Level 5.8 Evocations


You had 15 spell levels left.
You didn't know any spells.

Dungeon Overview and Level Annotations

Branches:
Dungeon (10/16)            Temple (1/1) D:4
    Orc: D:9-12        Lair: D:8-11

Altars:
Ashenzari
Cheibriados
Dithmenos
Elyvilon
Fedhas
Kikubaaqudgha
Makhleb
Nemelex Xobeh
Okawaru
Sif Muna
Trog
Vehumet
Xom
Yredelemnul
The Shining One

Shops:
D:6 ?   D:7 %   D:9 (?


Innate Abilities, Weirdness & Mutations

You reflexively headbutt those who attack you in melee.
You have a pair of horns on your head.
Your digestive system is specialised to digest meat.
Armour fits poorly on your strangely shaped body.


Message History

Your two-headed ogre looks more healthy.
Zapping:
z - a wand of lightning (2)
Press: ? - help, Shift-Dir - straight line, f/p - two-headed ogre
Aim: a two-headed ogre, wielding a giant club and a giant spiked club (moderately wounded, in your thrall, friendly) Really fire at your two-headed ogre?
You hear a mighty clap of thunder!
The bolt of lightning hits your two-headed ogre.
Your two-headed ogre is heavily wounded.
The two-headed ogre is no longer charmed.
This wand has 1 charge left.
You hear a shout!
You hear a bark!
Zapping:
z - a wand of lightning (1)
Press: ? - help, Shift-Dir - straight line, f/p - two-headed ogre
Aim: a two-headed ogre, wielding a giant club and a giant spiked club (heavily wounded)
You hear a mighty clap of thunder!
The bolt of lightning hits the two-headed ogre.
The two-headed ogre is severely wounded.
This wand has 0 charges left.
The two-headed ogre hits you with a giant club!
You die...

#.......#
#.<.....#
#...(...#
#.......#
#.......#
#.......+
#.......#
#..O....#####
#...@........
###+.########
..# ##.# #.#
#.# ..# ..#
..#


You could see a two-headed ogre.

Vanquished Creatures
  A giant orange brain (D:9)
  An elephant (D:9)
  2 trolls
  A fire bat (shapeshifter) (D:6)
  Eustachio (D:5)
  2 hungry ghosts
  A wolf (shapeshifter) (D:9)
  An orc warrior (D:7)
  A swamp drake (D:4)
  A human (D:7)
  3 ogres
  A yellow wasp (D:4)
  A phantom (D:5)
  2 centaurs
  A crocodile (D:8)
  A giant frog (D:8)
  6 killer bees (D:7)
  2 crimson imps
  A water moccasin (D:7)
  A goliath beetle (D:6)
  A giant frog zombie (D:6)
  A jelly (D:8)
  4 hounds
  2 giant frog skeletons
  Crazy Yiuf (D:2)
  2 orc priests
  9 orc wizards
  6 worker ants
  An iguana (D:3)
  A scorpion (shapeshifter) (D:5)
  2 sheep (D:7)
  Terence (D:2)
  8 adders
  11 gnolls
  A gnoll shaman (D:7)
  4 scorpions
  A giant mite (D:2)
  2 worms
  An adder zombie (D:6)
  An iguana zombie (D:6)
  3 adder skeletons
  2 orc zombies
  3 giant geckos
  2 oozes (D:1)
  25 orcs
  A ball python (D:4)
  5 bats
  3 giant cockroaches
  18 goblins
  11 hobgoblins
  2 quokkas
  A giant gecko skeleton (D:5)
  A giant gecko zombie (D:7)
  A giant mite zombie (D:6)
  5 giant newts
  A hobgoblin zombie (D:6)
  10 jackals
  18 kobolds
  14 rats
  A rat skeleton (D:6)
  2 ballistomycetes (D:7)
220 creatures vanquished.

Vanquished Creatures (collateral kills)
  A hog (D:7)
  A yak (D:7)
  A hungry ghost (D:7)
  A steam dragon (D:5)
  An orc wizard (D:5)
  A giant frog skeleton (D:6)
  A scorpion (D:10)
  A green rat (D:6)
  A worm (D:6)
  2 orcs (D:5)
  2 bats
13 creatures vanquished.

Vanquished Creatures (others)
  A goliath beetle (D:8)
  An iron imp (D:6)
  A killer bee zombie (D:7)
  2 shadow imps
  A giant spore (D:7)
6 creatures vanquished.

Grand Total: 239 creatures vanquished

Notes
Turn   | Place    | Note
--------------------------------------------------------------
     0 | D:1      | johnnyringsting, the Minotaur Artificer, began the quest for the Orb.
     0 | D:1      | Reached XP level 1. HP: 16/16 MP: 1/1
    38 | D:1      | Reached skill level 3 in Evocations
    95 | D:1      | Reached XP level 2. HP: 10/23 MP: 2/2
  1165 | D:2      | Noticed Terence
  1175 | D:2      | Killed Terence
  1175 | D:2      | Reached XP level 3. HP: 28/28 MP: 3/3
  1399 | D:2      | Reached skill level 1 in Armour
  1452 | D:2      | Reached XP level 4. HP: 22/35 MP: 4/4
  2007 | D:2      | Noticed Crazy Yiuf
  2015 | D:2      | Killed Crazy Yiuf
  2015 | D:2      | Reached skill level 1 in Stealth
  2241 | D:3      | Found a sparkling altar of Nemelex Xobeh.
  2241 | D:3      | Found an iron altar of Okawaru.
  2432 | D:3      | Reached skill level 1 in Maces & Flails
  2432 | D:3      | Reached XP level 5. HP: 29/40 MP: 5/5
  2967 | D:4      | Reached skill level 1 in Axes
  2967 | D:4      | Reached skill level 1 in Staves
  2999 | D:4      | Reached skill level 4 in Evocations
  3146 | D:4      | Reached XP level 6. HP: 36/48 MP: 7/7
  3324 | D:4      | Paralysed by a yellow wasp for 3 turns
  3599 | D:4      | Reached XP level 7. HP: 48/55 MP: 7/7
  3619 | D:4      | Found a staircase to the Ecumenical Temple.
  3631 | Temple   | Entered the Ecumenical Temple
  3719 | Temple   | Became a worshipper of Xom of Unknown Intention
  3776 | D:4      | Reached skill level 1 in Spellcasting
  3978 | D:4      | You fall through a shaft!
  3978 | D:5      | Entered Level 5 of the Dungeon
  4003 | D:5      | XOM: potion effect (speed)
  4050 | D:5      | XOM: cast spell 'Blink'
  4058 | D:5      | XOM: divination: detect creatures
  4070 | D:5      | XOM: blink monster(s)
  4078 | D:5      | XOM: summons 2 friendly demons
  4090 | D:5      | XOM: summons friendly ufetubus
  4100 | D:5      | Reached XP level 8. HP: 17/62 MP: 9/9
  4119 | D:5      | XOM: harmless Trmt miscast
  4132 | D:5      | Noticed Eustachio
  4142 | D:5      | Killed Eustachio
  4142 | D:5      | Reached skill level 5 in Armour
  4277 | D:5      | XOM: 3-stop teleportation journey
  4392 | D:5      | XOM: torment (32/62 hp)
  4518 | D:5      | XOM: give mutations
  4518 | D:5      | Gained mutation: You are weak. (Str -2) [Xom's mischief]
  4518 | D:5      | Gained mutation: You are partially covered in iridescent scales (AC +4). [Xom's mischief]
  4518 | D:5      | Lost mutation: You are partially covered in iridescent scales (AC +4). [Xom's mischief]
  4518 | D:5      | Lost mutation: You are weak. (Str -2) [Xom's mischief]
  4562 | D:5      | XOM: polymorph gnoll -> scorpion
  4869 | D:5      | XOM: cast spell 'Blink'
  5009 | D:6      | Found a bloodstained altar of Trog.
  5096 | D:6      | XOM: polymorph orc -> green rat
  5101 | D:6      | XOM: summons 8 friendly demons
  5343 | D:6      | Reached skill level 5 in Staves
  5473 | D:6      | XOM: noise
  5524 | D:6      | Reached skill level 6 in Armour
  5548 | D:6      | Found Kamusepeepn's Magic Scroll Boutique.
  5564 | D:6      | Bought a scroll of recharging for 71 gold pieces
  5938 | D:6      | XOM: mild Erth miscast
  6012 | D:7      | Found Baecw's Food Emporium.
  6066 | D:7      | Noticed a troll
  6085 | D:7      | Killed a troll
  6085 | D:7      | Reached skill level 5 in Evocations
  6085 | D:7      | Reached XP level 9. HP: 25/71 MP: 11/11
  6195 | D:7      | XOM: summons 4 hostile shadow creatures
  6399 | D:6      | XOM: mild Necr miscast
  6498 | D:6      | XOM: silly message
  6761 | D:7      | XOM: enchant monster (bad)
  6840 | D:7      | XOM: give mutation
  6840 | D:7      | Gained mutation: Armour fits poorly on your strangely shaped body. [Xom's mischief]
  7082 | D:7      | Reached skill level 5 in Dodging
  7178 | D:7      | XOM: potion effect (berserk)
  7321 | D:7      | Reached skill level 7 in Armour
  8425 | D:8      | XOM: mild Tloc miscast
  8585 | D:8      | XOM: divination: detect creatures
  8634 | D:9      | Gained mutation: Your digestive system is specialised to digest meat. [potion of beneficial mutation]
  8640 | D:9      | XOM: enchant monster (good)
  8839 | D:9      | Found Guteq's Antique Weapon Boutique.
  8863 | D:9      | Found Groemub's Magic Scroll Shoppe.
  8868 | D:9      | Reached XP level 10. HP: 54/80 MP: 13/13
  8880 | D:9      | Bought a scroll of enchant armour for 66 gold pieces
  8880 | D:9      | Bought a scroll of enchant weapon I for 66 gold pieces
  8880 | D:9      | Bought a scroll of enchant weapon I for 66 gold pieces
  8880 | D:9      | Bought a scroll of identify for 24 gold pieces
  8916 | D:9      | Got an ancient robe
  8930 | D:9      | XOM: cast spell 'Blink'
  8931 | D:9      | Noticed an elephant
  8940 | D:9      | Reached skill level 5 in Maces & Flails
  8941 | D:9      | Noticed an elephant
  8941 | D:9      | XOM: cast spell 'Discord'
  8943 | D:9      | Noticed a giant orange brain
  8943 | D:9      | an elephant changed into a giant orange brain
  8943 | D:9      | XOM: polymorph elephant -> giant orange brain
  8946 | D:9      | Killed an elephant
  8946 | D:9      | Reached skill level 5 in Fighting
  8950 | D:9      | HP: 4/81 [centaur (7)]
  8954 | D:9      | Reached skill level 8 in Armour
  8966 | D:9      | Killed a giant orange brain
  8966 | D:9      | Reached skill level 5 in Short Blades
  9011 | D:9      | Noticed an elephant
  9014 | D:10     | Entered Level 10 of the Dungeon
  9056 | D:10     | Slain by a two-headed ogre

Action                   |  1- 3 |  4- 6 |  7- 9 | 10-12 || total
-------------------------+-------+-------+-------+-------++-------
Melee: Short sword       |    64 |       |       |       ||    64
       Hand axe          |    33 |       |       |       ||    33
       Mace              |    24 |    13 |       |       ||    37
       Quarterstaff      |       |    96 |   505 |    25 ||   626
Evoke: Wand              |    15 |     3 |     1 |    10 ||    29
  Use: Scroll            |     4 |     3 |    13 |     4 ||    24
       Potion            |     1 |     1 |     4 |     5 ||    11
 Stab: Paralysed         |       |     4 |     7 |       ||    11
       Petrifying        |       |       |     3 |       ||     3
       Distracted        |       |       |     1 |     1 ||     2
       Petrified         |       |       |     1 |       ||     1
